 Dungeon Crawl Stone Soup version 0.29.1-15-g9cfb28693d (webtiles) character file.

Game seed: 9968787474197038451

26856 DemonSlayer the Thaumaturge (level 13, -4/85 HPs)
             Began as a Demonspawn Earth Elementalist on Mar 12, 2023.
             Was a High Priest of Dithmenos.
             Slain by a minotaur
             ... wielding the +11 plutonium sword {Contam Stlth-}
              (18 damage)
             ... in a Gauntlet.
             The game lasted 00:49:03 (20642 turns).

DemonSlayer the Thaumaturge (DsEE)                 Turns: 20642, Time: 00:49:04

Health: -4/85      AC: 15    Str: 17    XL:     13   Next: 1%
Magic:  0/28       EV: 22    Int: 24    God:    Dithmenos [*****.]
Gold:   945        SH:  0    Dex: 33    Spells: 7/35 levels left

rFire   x . .      SeeInvis .   I - +5 morningstar "Xuzizy" {pain, rElec Stlth+}
rCold   + . .      Faith    .   (no shield)
rNeg    + . .      Spirit   +   r - +4 acid dragon scales of the Evening {rC+ rCorr Stlth+}
rPois   +          Reflect  .   (helmet restricted)
rElec   +          Harm     .   y - +0 cloak of Dogma {rElec Int+4}
rCorr   +          Rampage  .   l - +0 pair of gloves
Will    .....      NoTele   +   a - +1 pair of boots of the Peculiar Tables {rN+ Dex+3}
Stlth   +++++++++.              q - amulet of regeneration
HPRegen 1.04/turn               j - ring "Yvvigi" {rPois rF- Str+7 Dex+6}
MPRegen 0.42/turn               B - +6 ring of dexterity

@: mighty, agile, wreathed by umbra, invisible
A: antennae 1, powered by pain 2, augmentation 1, magic shield, magic
regeneration, big brain 2
a: Renounce Religion, Shadow Step, Shadow Form


You were in a Gauntlet.
You worshipped Dithmenos.
Dithmenos was extremely pleased with you.
You visited 3 branches of the dungeon, and saw 14 of its levels.
You also visited: Bailey and Gauntlet.

You collected 945 gold pieces.

Inventory:

Hand Weapons
 m - a +3 dagger of venom
 I - the +5 morningstar "Xuzizy" (weapon) {pain, rElec Stlth+}
   (You found it in a Gauntlet)

   In the hands of one skilled in necromantic magic, it inflicts extra damage on
   living creatures.
   rElec:     It insulates you from electricity.
   Stlth:     It makes you more stealthy.
Missiles
 e - 2 curare-tipped darts
 i - 6 throwing nets
Armour
 a - the +1 pair of boots of the Peculiar Tables (worn) {rN+ Dex+3}
   (You acquired it on level 11 of the Dungeon)

   Dex:       It affects your dexterity (+3).
   rN:        It protects you from negative energy.
 l - a +0 pair of gloves (worn)
 r - the +4 acid dragon scales of the Evening (worn) {rC+ rCorr Stlth+}
   (You took it off Grum in a bailey)

   rC:        It protects you from cold.
   rCorr:     It protects you from acid and corrosion.
   Stlth:     It makes you more stealthy.
 y - the +0 cloak of Dogma (worn) {rElec Int+4}
   (You found it in a Gauntlet)

   Int:       It affects your intelligence (+4).
   rElec:     It insulates you from electricity.
Jewellery
 f - a ring of flight
 j - the ring "Yvvigi" (left hand) {rPois rF- Str+7 Dex+6}
   (You found it on level 6 of the Dungeon)

   [ring of dexterity]

   Str:       It affects your strength (+7).
   Dex:       It affects your dexterity (+6).
   rF:        It makes you vulnerable to fire.
   rPois:     It protects you from poison.
 q - an amulet of regeneration (around neck)
 B - a +6 ring of dexterity (right hand)
 F - a ring of wizardry
Wands
 d - a wand of iceblast (16)
 u - a wand of flame (24)
 w - a wand of charming (15)
Scrolls
 b - 6 scrolls of teleportation
 g - 3 scrolls of fear
 k - a scroll of butterflies
 A - 3 scrolls of silence
 C - a scroll of enchant armour {unknown}
 D - a scroll of amnesia
 H - a scroll of immolation
Potions
 c - 3 potions of curing
 h - 3 potions of attraction
 n - a potion of resistance
 o - 3 potions of cancellation
 s - a potion of magic
 t - a potion of brilliance {unknown}
 v - 3 potions of lignification
 x - a potion of flight {unknown}
 z - 2 potions of might
Miscellaneous
 G - a lightning rod (4/4)


   Skills:
 + Level 2.8 Fighting
 + Level 2.8 Short Blades
 + Level 1.0 Throwing
 + Level 4.5 Armour
 + Level 5.6 Dodging
 + Level 5.3 Stealth
 + Level 11.9 Spellcasting
 + Level 9.2 Conjurations
 + Level 0.8 Transmutations
 + Level 11.1 Earth Magic
 + Level 2.3 Evocations


You had 7 spell levels left.
You knew the following spells:

 Your Spells              Type           Power      Damage    Failure   Level
a - Sandblast             Erth           100%       2d20      1%          1
b - Passwall              Tmut/Erth      35%        N/A       1%          2
c - Stone Arrow           Conj/Erth      100%       3d13      1%          3
d - Petrify               Tmut/Erth      43%        N/A       4%          4
e - Leda's Liquefaction   Hex/Erth       20%        N/A       6%          4
f - Lehudib's Crystal Sp  Conj/Erth      29%        10d8      99%         8
g - Dispersal             Tloc           7%         N/A       100%        6

Your spell library contained the following spells:

 Spells                   Type           Power      Damage    Failure   Level
 Animate Armour           Summ/Erth      82%        N/A       6%          4
 Call Canine Familiar     Summ           14%        N/A       17%         3
 Gell's Gravitas          Tloc           14%        N/A       17%         3
 Portal Projectile        Hex/Tloc       28%        N/A       17%         3
 Teleport Other           Tloc           14%        N/A       17%         3
 Tukima's Dance           Hex            14%        N/A       17%         3
 Passage of Golubria      Tloc           14%        N/A       50%         4
 Statue Form              Tmut/Erth      28%        N/A       58%         6
 Yara's Violent Unravell  Hex/Tmut       8%         3d5       80%         5
 Metabolic Englaciation   Hex/Ice        7%         N/A       85%         5


Dungeon Overview and Level Annotations

Branches:
Dungeon (11/15)            Temple (0/1) D:5            Lair (2/5) D:11
  Swamp (0/4) Lair:2          Orc (1/2) D:9          Bailey (visited)
Gauntlet (1/1)
  Snake: Lair:2-3    Spider: Lair:2-3

Altars:
Dithmenos
Makhleb
Nemelex Xobeh
Ru
Sif Muna
Trog
Yredelemnul

Shops:
D:11 (

Annotations:
D:4 3 runed translucent doors, n0ni's ghost, amateur MiBe
Orc:1 Gastronok Gauntlet 8 transporters, 1 runed translucent door


Innate Abilities, Weirdness & Mutations

You have a pair of small antennae on your head.
You sometimes gain power by taking damage.
Your magical and physical power is slightly enhanced at high health.
When hurt, damage is shared between your health and your magic reserves.
You regenerate magic rapidly.
You have an extremely huge brain. (Int +4)


Message History

The minotaur reflects the throwing net off an invisible shield around it!
The throwing net misses you.
The throwing net disappears in a puff of smoke!
You throw a throwing net.
The minotaur reflects the throwing net off an invisible shield around it!
The throwing net hits you.
You become entangled in the net!
Your shadow throws a throwing net.
The minotaur reflects the throwing net off an invisible shield around it!
The throwing net hits you.
The throwing net disappears in a puff of smoke!
You tear a large gash into the net.
You struggle against the net.
You rip the net and break free!
The minotaur misses you. The minotaur gores you.
You fade into invisibility!
The minotaur hits you with the +11 plutonium sword {Contam Stlth-}!
You focus on the pain.
You feel agile all of a sudden.
The minotaur gores you but does no damage.
You catch the helpless minotaur completely off-guard!
You hit the minotaur.
The minotaur is lightly wounded.
The minotaur hits you with the +11 plutonium sword {Contam Stlth-}!!
You focus on the pain.
You feel your power returning. The minotaur gores you.
You feel very mighty all of a sudden.
The minotaur throws a javelin.
The javelin completely misses you.
You hit the minotaur but do no damage.
The minotaur is lightly wounded.
The minotaur hits you with the +11 plutonium sword {Contam Stlth-}!!
You focus on the pain.
You feel your power returning. The minotaur completely misses you.
You catch the helpless minotaur completely off-guard!
You sock the minotaur!
The minotaur is lightly wounded.
The minotaur hits you with the +11 plutonium sword {Contam Stlth-}!!
* * * LOW HITPOINT WARNING * * *
The minotaur gores you.
* * * LOW HITPOINT WARNING * * *
The minotaur hits you with the +11 plutonium sword {Contam Stlth-}!!
You die...

#....####.#.#..##≈....
#.####....#.#...##...#
#.#. #.##.#.#....#...#
#.#. ####.#.#.©8.#...#
#.#( #.#.#....#...#
#.#. #.#...©8.#.8.#
#.#. #.###....#...#
#.#.#####.#.#.©8.#...#
#.#.H@.##.#.#....#...#
#.####....#.#...##...#
#....######.#..##≈....
####........#.####.8..
##############.....
#§...## ##..§#.
#≈...#. ##...#.


You could see a minotaur (unable to see you, reflecting).

Vanquished Creatures
  A fire giant (D:11)
  A frost giant (D:11)
  A boulder beetle (D:11)
  A catoblepas (D:11)
  A hydra (D:11)
  A two-headed ogre (D:11)
  A centaur warrior (D:11)
  2 sixfirhies (Gauntlet)
  An orc knight (D:11)
  A deep elf zephyrmancer (D:11)
  A deep elf pyromancer (D:11)
  3 oklob plants (Lair:1)
  A rust devil (D:5)
  4 cane toads
  A yaktaur (D:11)
  2 unseen horrors (D:11)
  3 komodo dragons
  A hellwing (Gauntlet)
  2 trolls (D:11)
  2 polar bears (Lair:1)
  A raiju (shapeshifter) (D:11)
  A hornet (D:11)
  Sigmund (D:5)
  2 shadows
  A water elemental (D:11)
  A human (D:8)
  A basilisk (D:11)
  5 wyverns
  3 steam dragons
  34 yaks
  Grum (Bailey)
  2 acid dragons
  3 water moccasins
  An ice beast (D:6)
  A sky beast (D:6)
  6 orc warriors
  4 black bears
  3 ogres
  7 wolves
  5 centaurs
  3 kobold brigands
  7 gnoll sergeants (Bailey)
  4 bullfrogs
  2 necrophages
  5 scorpions
  10 wights
  A killer bee (D:7)
  4 howler monkeys
  3 electric eels (D:11)
  8 gnoll boudas
  12 hounds
  2 jellies
  9 orc priests
  4 iguanas
  Jessica (D:3)
  12 orc wizards
  Robin (D:3)
  5 adders
  31 gnolls
  A shadow imp (D:6)
  A white imp (D:7)
  5 ufetubi
  2 worms
  2 dart slugs
  49 orcs
  7 ball pythons
  5 endoplasms
  3 giant cockroaches
  9 hobgoblins
  4 jackals (D:2)
  6 quokkas
  6 bats
  2 frilled lizards
  16 goblins
  18 kobolds
  3 rats
377 creatures vanquished.

Vanquished Creatures (collateral kills)
  2 wights (D:7)
  4 killer bees (D:7)
  An ufetubus (D:7)
  An orc (D:7)
8 creatures vanquished.

Vanquished Creatures (others)
  A fungus (Lair:2)
  9 plants
10 creatures vanquished.

Grand Total: 395 creatures vanquished

Notes
Turn   | Place    | Note
-------+----------+-------------------------------------------
     0 | D:1      | DemonSlayer the Demonspawn Earth Elementalist began the
                  | quest for the Orb.
     0 | D:1      | Reached XP level 1. HP: 13/13 MP: 3/3
   508 | D:1      | Gained mutation: You have an unusually large brain. (Int
                  | +2) [demonic ancestry]
   508 | D:1      | Reached XP level 2. HP: 19/19 MP: 3/5
   986 | D:1      | Learned a level 2 spell: Passwall
  1205 | D:2      | Gained mutation: You regenerate magic rapidly. [demonic
                  | ancestry]
  1205 | D:2      | Reached XP level 3. HP: 20/24 MP: 4/6
  1417 | D:2      | Found a basalt altar of Yredelemnul.
  1562 | D:2      | Gained mutation: You have an extremely huge brain. (Int +4)
                  | [demonic ancestry]
  1562 | D:2      | Reached XP level 4. HP: 9/30 MP: 1/8
  2265 | D:2      | Learned a level 3 spell: Stone Arrow
  2681 | D:3      | Gained mutation: When hurt, damage is shared between your
                  | health and your magic reserves. [demonic ancestry]
  2681 | D:3      | Reached XP level 5. HP: 10/36 MP: 2/9
  3543 | D:3      | Found a faded altar of an unknown god.
  3582 | D:3      | Noticed Jessica
  3585 | D:3      | Killed Jessica
  3768 | D:3      | Found a shadowy altar of Dithmenos.
  3778 | D:3      | Found a burning altar of Makhleb.
  3786 | D:3      | Found a sacrificial altar of Ru.
  3797 | D:3      | Became a worshipper of Dithmenos the Shadowed
  3808 | D:3      | Found a sparkling altar of Nemelex Xobeh.
  3833 | D:3      | Found a shimmering blue altar of Sif Muna.
  3845 | D:3      | Learned a level 4 spell: Petrify
  3895 | D:4      | Noticed Robin
  4154 | D:3      | Killed Robin
  4515 | D:4      | Noticed an ogre
  4517 | D:4      | Killed an ogre
  4518 | D:4      | Reached skill level 1 in Fighting
  4518 | D:4      | Gained mutation: You sometimes gain a little power by
                  | taking damage. [demonic ancestry]
  4518 | D:4      | Reached XP level 6. HP: 43/43 MP: 8/12
  4601 | D:4      | Found a runed translucent gate.
  4601 | D:4      | Found a runed translucent gate.
  4601 | D:4      | Found a runed translucent gate.
  4603 | D:4      | Noticed n0ni's ghost (amateur MiBe)
  4705 | D:4      | Found a bloodstained altar of Trog.
  4753 | D:4      | Reached * piety under Dithmenos
  4754 | D:4      | Reached skill level 5 in Earth Magic
  4754 | D:4      | Gained mutation: You have a pair of small antennae on your
                  | head. [demonic ancestry]
  4754 | D:4      | Reached XP level 7. HP: 48/48 MP: 10/13
  5153 | D:4      | Reached skill level 5 in Spellcasting
  5268 | D:5      | Entered Level 5 of the Dungeon
  5472 | D:5      | Gained mutation: You sometimes gain power by taking damage.
                  | [demonic ancestry]
  5472 | D:5      | Reached XP level 8. HP: 50/54 MP: 13/16
  5520 | D:5      | Found a staircase to the Ecumenical Temple.
  5608 | D:5      | Noticed a rust devil
  6162 | D:5      | Killed a rust devil
  6296 | D:5      | Reached ** piety under Dithmenos
  6331 | D:5      | Reached skill level 1 in Conjurations
  6393 | D:5      | Noticed Sigmund
  6396 | D:5      | Killed Sigmund
  6397 | D:5      | Reached skill level 1 in Short Blades
  6478 | D:5      | Reached XP level 9. HP: 59/59 MP: 8/20
  6593 | D:5      | Noticed an angel
  7443 | D:6      | Noticed a komodo dragon
  7831 | D:6      | Killed a komodo dragon
  7868 | D:6      | Identified the ring "Yvvigi" {rPois rF- Str+7 Dex+6}
  8836 | D:6      | Reached *** piety under Dithmenos
  9309 | D:7      | Reached XP level 10. HP: 63/67 MP: 4/22
 10183 | D:8      | Found a flagged portal.
 10400 | Bailey   | Entered a bailey
 10406 | Bailey   | Reached **** piety under Dithmenos
 12023 | Bailey   | Identified the +4 acid dragon scales of the Evening {rC+
                  | rCorr Stlth+}
 12023 | Bailey   | Noticed Grum
 12028 | Bailey   | Killed Grum
 12167 | Bailey   | Reached skill level 5 in Conjurations
 12912 | D:8      | Reached skill level 1 in Armour
 13196 | D:8      | Learned a level 4 spell: Leda's Liquefaction
 13701 | D:9      | Found a staircase to the Orcish Mines.
 13749 | D:9      | Reached XP level 11. HP: 49/72 MP: 1/24
 13762 | D:9      | Reached skill level 10 in Spellcasting
 15138 | Orc:1    | Entered Level 1 of the Orcish Mines
 15138 | Orc:1    | Noticed Gastronok
 15197 | D:10     | Entered Level 10 of the Dungeon
 16090 | D:10     | Learned a level 8 spell: Lehudib's Crystal Spear
 16118 | D:11     | Noticed a two-headed ogre
 16121 | D:11     | Noticed a boulder beetle
 16124 | D:11     | Killed a two-headed ogre
 16204 | D:11     | Reached skill level 5 in Dodging
 16272 | D:11     | Noticed an orc knight
 16280 | D:11     | Killed an orc knight
 16284 | D:11     | Noticed a deep elf pyromancer
 16743 | D:11     | Reached skill level 5 in Stealth
 16794 | D:11     | Found a staircase to the Lair.
 16822 | D:11     | Reached ***** piety under Dithmenos
 16908 | D:11     | Killed a deep elf pyromancer
 16980 | D:11     | Reached skill level 1 in Evocations
 17030 | D:11     | Noticed a centaur warrior
 17364 | D:11     | Noticed a deep elf zephyrmancer
 17369 | D:11     | Killed a deep elf zephyrmancer
 17447 | D:11     | Noticed a fire giant
 17450 | D:11     | Noticed a catoblepas
 17456 | D:11     | Noticed a frost giant
 17460 | D:11     | Killed a fire giant
 17461 | D:11     | Reached skill level 10 in Earth Magic
 17461 | D:11     | Reached XP level 12. HP: 56/78 MP: 1/26
 17492 | D:11     | Killed a catoblepas
 17773 | D:11     | Identified the +2 helmet "Kyritsorph" {Int+7}
 17783 | D:11     | Killed a frost giant
 17852 | D:11     | Noticed a four-headed hydra
 17857 | D:11     | Killed a four-headed hydra
 17890 | D:11     | Killed a centaur warrior
 17972 | D:11     | Killed a boulder beetle
 17973 | D:11     | Reached skill level 1 in Throwing
 18143 | D:11     | Found Gikainna's Weapon Boutique.
 18346 | D:11     | Learned a level 6 spell: Dispersal
 18346 | D:11     | Identified a scroll of acquirement
 18352 | D:11     | Acquired the +1 pair of boots of the Peculiar Tables {rN+
                  | Dex+3}
 18397 | Lair:1   | Entered Level 1 of the Lair of Beasts
 19927 | Lair:2   | Found a gate leading to a gauntlet.
 19936 | Gauntlet | Entered a Gauntlet
 19936 | Gauntlet | Found a transporter.
 19960 | Gauntlet | Noticed a death yak
 19964 | Gauntlet | Noticed a death yak
 19986 | Gauntlet | Noticed a death yak
 19988 | Gauntlet | Found a runed translucent door.
 19990 | Gauntlet | Found a transporter.
 19992 | Gauntlet | Found a runed translucent door.
 20002 | Gauntlet | Found a transporter.
 20006 | Gauntlet | Found a transporter.
 20015 | Gauntlet | Noticed a reaper
 20022 | Gauntlet | Found a transporter.
 20036 | Gauntlet | Found a transporter.
 20039 | Gauntlet | Found a transporter.
 20039 | Gauntlet | Noticed a dire elephant
 20043 | Gauntlet | Found a transporter.
 20073 | Gauntlet | Found a transporter.
 20075 | Gauntlet | Found a transporter.
 20078 | Gauntlet | Noticed a death scarab
 20080 | Gauntlet | Noticed a death scarab
 20083 | Gauntlet | Found a transporter.
 20109 | Gauntlet | Noticed a death yak
 20110 | Gauntlet | Noticed a death yak
 20111 | Gauntlet | Noticed a death yak
 20112 | Gauntlet | Noticed a death yak
 20113 | Gauntlet | Noticed a death yak
 20114 | Gauntlet | Found a transporter.
 20272 | Gauntlet | Noticed a death yak
 20370 | Gauntlet | Gained mutation: Your magical and physical power is
                  | slightly enhanced at high health. [demonic ancestry]
 20370 | Gauntlet | Reached XP level 13. HP: 51/85 MP: 7/28
 20425 | Gauntlet | Identified the +0 cloak of Dogma {rElec Int+4}
 20432 | Gauntlet | Identified the +5 morningstar "Xuzizy" {pain, rElec Stlth+}
 20476 | Gauntlet | Identified the +1 helmet of Qomaihof {Harm Regen+ Int+4}
 20630 | Gauntlet | Identified the amulet "Lovvoips" {Reflect +Inv rPois SH+5
                  | Stlth-}
 20630 | Gauntlet | Noticed a minotaur
 20642 | Gauntlet | Slain by a minotaur

Illustrated notes

Levels and vault maps discovered:
D:1:      dpeg_arrival_tiny_j, layout_basic
D:2:      layout_basic, basic_altar
D:3:      layout_rooms, grunt_temple_overflow_octagram,
          hellmonk_ecumenical_altar_leap_of_faith, kennysheep_generic_room_10,
          uniq_jessica
D:4:      layout_gridville, trog_ov_bears_minmay, gammafunk_ghost_necromancy,
          dk_rats_in_the_wall, uniq_robin
D:5:      layout_gridville, temple_garden, uniq_sigmund
D:6:      minmay_clustersquares, layout_basic
D:7:      layout_basic, hangedman_decor_growths
D:8:      layout_rooms, enter_bailey_8
D:9:      layout_stronghold, erik_orc_4
D:10:     layout_long_grid
D:11:     minmay_tile_spiral, layout_cave_pools, erik_lair_island, serial_shops,
          nicolae_shop_bloodbath_and_beyond
Lair:1:   minmay_lair_oklob_chamber, layout_hall_layers,
          chequers_serial_rivers_micro_b, chequers_serial_rivers_large_b,
          serial_bayou_shore_b, grunt_megastairs_1
Lair:2:   layout_loops_ring, nicolae_swamp_entry_splash_gauntlet,
          gauntlet_entry_generic, grunt_megastairs_2
Orc:1:    layout_caves, uniq_maurice, uniq_gastronok
Gauntlet: minmay_gauntlet_mixed_oops_all_seconds
          [minmay_gauntlet_arena_77_shame_cube, nicolae_gauntlet_arena_t_cross,
          minmay_gauntlet_arena_77_double_cross,
          gammafunk_gauntlet_arena_split_x,
          minmay_gauntlet_arena_77_terracotta_army,
          gammafunk_gauntlet_arena_spirals, dreamdust_gauntlet_exit_labyrinth]

Skill      XL: |  1  2  3  4  5  6  7  8  9 10 11 12 |
---------------+-------------------------------------+-----
Earth Magic    | 3 4 5 6 7 8 9 10 11 | 11.1
Stealth        | 2 3 4 5 |  5.3
Dodging        | 2 3 4 5 |  5.6
Spellcasting   | 3 4 5 7 8 9 10 11 | 11.9
Fighting       | 1 2 |  2.8
Conjurations   | 1 4 5 7 9 |  9.2
Short Blades   | 1 2 |  2.8
Armour         | 1 3 4 |  4.5
Evocations     | 2 |  2.3
Throwing       | 1 |  1.0
Transmutations | |  0.8

Action                   |  1- 3 |  4- 6 |  7- 9 | 10-12 | 13-15 || total
-------------------------+-------+-------+-------+-------+-------++-------
Melee: Unarmed           |     3 |       |       |       |       ||     3
       Dagger            |     7 |    19 |    57 |   123 |       ||   206
       Punch             |       |       |       |     4 |       ||     4
       Morningstar       |       |       |       |       |     3 ||     3
Throw: Dart              |       |       |       |     5 |     1 ||     6
       Throwing net      |       |       |       |     1 |     5 ||     6
 Cast: Sandblast         |    51 |    87 |    66 |    29 |       ||   233
       Stone Arrow       |       |       |   115 |   377 |     6 ||   498
Evoke: Wand              |       |       |       |    11 |       ||    11
  Use: Potion            |     1 |     2 |     2 |     4 |     3 ||    12
       Scroll            |       |       |    19 |    11 |     1 ||    31
 Stab: Sleeping          |     1 |     4 |     2 |     2 |       ||     9
       Invisible         |       |       |       |       |     2 ||     2
Armor: Robe              |     6 |    11 |    16 |     1 |       ||    34
       Acid dragon scale |       |       |       |    57 |     1 ||    58
       Steam dragon scal |       |       |       |     9 |       ||     9
Dodge: Dodged            |    16 |    78 |   121 |   216 |    15 ||   446
